BSA
IRVINE GANG GREEN @ SPRINGFIELD STARS
09/02/2027
 
TOP OF THE 1ST
Irvine Gang Green batting - Pitching for Springfield Stars : LHP Anthony Erickson
Pitching: LHP Anthony Erickson
Batting: RHB José Salazar 0-0: Ball
1-0: Fly out, F8 (Flyball, 8LS)
Batting: RHB Buck Jones 0-0: Ball
1-0: Ball
2-0: Called Strike
2-1: SINGLE (Line Drive, 56)
Batting: RHB Eichiro Yamamoto 0-0: Ball
1-0: Ball
2-0: Foul Ball, location: 2F
2-1: Foul Ball, location: 2F
2-2: Fly out, F8 (Flyball, 89M)
Batting: LHB Jorge Martínez 0-0: Called Strike
0-1: Foul Ball, location: 2F
0-2: Ball
1-2: Foul Ball, location: 2F
1-2: Ball
2-2: Ball
3-2: Foul Ball, location: 2F
3-2: Fly out, F3 (Line Drive, 3)
Top of the 1st over - 0 run(s), 1 hit(s), 0 error(s), 1 left on base; Irvine 0 - Springfield 0
BOTTOM OF THE 1ST
Springfield Stars batting - Pitching for Irvine Gang Green : LHP Masutaro Koyama
Pitching: LHP Masutaro Koyama
Batting: RHB Félix Gonzáles 0-0: Ball
1-0: Swinging Strike
1-1: Swinging Strike
1-2: Ball
2-2: Strikes out swinging
Batting: RHB Calvin Bennett 0-0: Called Strike
0-1: Ball
1-1: Swinging Strike
1-2: SINGLE (Flyball, 56D)
Batting: RHB Norberto Taváres 0-0: Ball
1-0: Called Strike
1-1: Called Strike
1-2: Ball
2-2: Ball
3-2: SINGLE (Groundball, 56D)
Calvin Bennett to second
Batting: LHB Felipe Guerrero 0-0: Grounds out, U3 (Groundball, 3L)
Calvin Bennett to third
Batting: SHB Shane Hutchinson 0-0: Ball
1-0: Called Strike
1-1: Foul Ball, location: 2F
1-2: Strikes out swinging
Bottom of the 1st over - 0 run(s), 2 hit(s), 0 error(s), 2 left on base; Irvine 0 - Springfield 0
TOP OF THE 2ND
Irvine Gang Green batting - Pitching for Springfield Stars : LHP Anthony Erickson
Batting: LHB Jesús Campos 0-0: Called Strike
0-1: Ball
1-1: SINGLE (Flyball, 9S)
Batting: RHB Tyler Wagner 0-0: Called Strike
0-1: Swinging Strike
0-2: Ball
1-2: Foul Ball, location: 2F
1-2: Strikes out swinging
Batting: LHB Víctor Quiñones 0-0: Called Strike
0-1: Ball
1-1: Ball
2-1: Called Strike
2-2: SINGLE (Groundball, 34D)
Jesús Campos to second
Runner from 2nd tries for 3rd, SAFE, no throw
Batting: RHB Ronnie Brown 0-0: SINGLE (Groundball, 34D)
Jesús Campos scores
Víctor Quiñones to second
Runner from 2nd tries for 3rd, SAFE, no throw
Batting: RHB Tom Doherty 0-0: Foul Ball, location: 2F
0-1: Called Strike
0-2: Ball
1-2: Foul Ball, location: 2F
1-2: Ground out 6-3 (Groundball, 56)
Víctor Quiñones scores
Ronnie Brown to second
Batting: RHB José Salazar 0-0: Foul Ball, location: 2F
0-1: Ball
1-1: Foul Ball, location: 2F
1-2: Ground out 1-3 (Groundball, 15S)
Top of the 2nd over - 2 run(s), 3 hit(s), 0 error(s), 1 left on base; Irvine 2 - Springfield 0
BOTTOM OF THE 2ND
Springfield Stars batting - Pitching for Irvine Gang Green : LHP Masutaro Koyama
Batting: LHB Elliott Newell 0-0: Called Strike
0-1: Ball
1-1: Foul Ball, location: 2F
1-2: Ball
2-2: Strikes out swinging
Batting: LHB Ryan Drake 0-0: Ball
1-0: Ground out 1-3 (Groundball, 15S)
Batting: LHB Jesús Tobías 0-0: Ball
1-0: Called Strike
1-1: Fly out, F2 (Popup, 15S)
Bottom of the 2nd over - 0 run(s), 0 hit(s), 0 error(s), 0 left on base; Irvine 2 - Springfield 0
TOP OF THE 3RD
Irvine Gang Green batting - Pitching for Springfield Stars : LHP Anthony Erickson
Batting: RHB Buck Jones 0-0: Ball
1-0: Ball
2-0: Called Strike
2-1: Foul Ball, location: 2F
2-2: Ball
3-2: Foul Ball, location: 2F
3-2: Fly out, F9 (Flyball, 9LS)
Batting: RHB Eichiro Yamamoto 0-0: SINGLE (Groundball, 6MD)
Batting: LHB Jorge Martínez 0-0: Ball
1-0: Ball
2-0: Called Strike
2-1: Ball
3-1: Foul Ball, location: 2F
3-2: Ground out U3 (Groundball, 3)
Eichiro Yamamoto to second
Batting: LHB Jesús Campos 0-0: Ball
1-0: Ball
2-0: Foul Ball, location: 2F
2-1: Swinging Strike
2-2: Ball
3-2: SINGLE (Groundball, 4MD)
Eichiro Yamamoto to third
Eichiro Yamamoto scores
Batting: RHB Tyler Wagner 0-0: Ball
1-0: Ball
2-0: Foul Ball, location: 2F
2-1: Foul Ball, location: 2F
2-2: Foul Ball, location: 2F
2-2: Ball
3-2: Base on Balls
Jesús Campos to second
Batting: LHB Víctor Quiñones 0-0: Ball
1-0: Foul Ball, location: 2F
1-1: Ball
2-1: Foul Ball, location: 2F
2-2: Foul Ball, location: 2F
2-2: Fly out, F9 (Flyball, 9S)
Top of the 3rd over - 1 run(s), 2 hit(s), 0 error(s), 2 left on base; Irvine 3 - Springfield 0
BOTTOM OF THE 3RD
Springfield Stars batting - Pitching for Irvine Gang Green : LHP Masutaro Koyama
Batting: RHB Juan Rodríguez 0-0: Ground out 4-3 (Groundball, 4)
Batting: RHB Félix Gonzáles 0-0: Fly out, F8 (Flyball, 8RXD)
Batting: RHB Calvin Bennett 0-0: Called Strike
0-1: Fly out, F8 (Line Drive, 8LD)
Bottom of the 3rd over - 0 run(s), 0 hit(s), 0 error(s), 0 left on base; Irvine 3 - Springfield 0
TOP OF THE 4TH
Irvine Gang Green batting - Pitching for Springfield Stars : LHP Anthony Erickson
Batting: RHB Ronnie Brown 0-0: Fly out, F9 (Flyball, 9)
Batting: RHB Tom Doherty 0-0: Ball
1-0: Ball
2-0: Ball
3-0: Base on Balls
Batting: RHB José Salazar 0-0: Ball
1-0: Ball
2-0: Ball
3-0: Called Strike
3-1: Called Strike
3-2: Grounds into double play, 5-4-3 (Groundball, 56)
Top of the 4th over - 0 run(s), 0 hit(s), 0 error(s), 0 left on base; Irvine 3 - Springfield 0
BOTTOM OF THE 4TH
Springfield Stars batting - Pitching for Irvine Gang Green : LHP Masutaro Koyama
Batting: RHB Norberto Taváres 0-0: Ball
1-0: Ball
2-0: Ball
3-0: Called Strike
3-1: Base on Balls
Batting: LHB Felipe Guerrero 0-0: Ball
1-0: Called Strike
1-1: Ball
2-1: Foul Ball, location: 2F
2-2: Ball
3-2: Foul Ball, location: 2F
3-2: SINGLE (Line Drive, 34)
Norberto Taváres to second
Batting: SHB Shane Hutchinson 0-0: Called Strike
0-1: Called Strike
0-2: Strikes out swinging
Batting: LHB Elliott Newell 0-0: Ball
1-0: Ball
2-0: Foul Ball, location: 2F
2-1: Swinging Strike
2-2: Strikes out swinging
Batting: LHB Ryan Drake 0-0: Called Strike
0-1: Swinging Strike
0-2: Ball
1-2: Ball
2-2: Ball
3-2: Strikes out swinging
Bottom of the 4th over - 0 run(s), 1 hit(s), 0 error(s), 2 left on base; Irvine 3 - Springfield 0
TOP OF THE 5TH
Irvine Gang Green batting - Pitching for Springfield Stars : LHP Anthony Erickson
Pitching: LHP Jorge Aybar
Batting: RHB Buck Jones 0-0: Ball
1-0: Foul Ball, location: 2F
1-1: Ball
2-1: Ball
3-1: Called Strike
3-2: SINGLE (Line Drive, 6MD)
Batting: RHB Eichiro Yamamoto 0-0: Ball
1-0: Foul Ball, location: 2F
1-1: Ball
2-1: Foul Ball, location: 2F
2-2: Fly out, F7 (Flyball, 7S)
Batting: LHB Jorge Martínez 0-0: Ball
1-0: Swinging Strike
1-1: Called Strike
1-2: Strikes out swinging
Batting: LHB Jesús Campos 0-0: Ball
1-0: Called Strike
1-1: Ball
2-1: Ball
3-1: Base on Balls
Buck Jones to second
Batting: RHB Tyler Wagner 0-0: Ball
1-0: Swinging Strike
1-1: Ball
2-1: SINGLE (Groundball, 6D)
Buck Jones to third
Jesús Campos to second
Runner from 3rd tries for Home, throw and OUT!
Top of the 5th over - 0 run(s), 2 hit(s), 0 error(s), 2 left on base; Irvine 3 - Springfield 0
BOTTOM OF THE 5TH
Springfield Stars batting - Pitching for Irvine Gang Green : LHP Masutaro Koyama
Batting: LHB Jesús Tobías 0-0: Ball
1-0: Foul Ball, location: 2F
1-1: Ground out U3 (Groundball, 34)
Batting: RHB Juan Rodríguez 0-0: Called Strike
0-1: Ground out 5-3 (Groundball, 56)
Batting: RHB Félix Gonzáles 0-0: SINGLE (Groundball, 56D)
Batting: RHB Calvin Bennett 0-0: Ball
1-0: Fielders Choice at 2nd, 6-4 (Groundball, 6)
Bottom of the 5th over - 0 run(s), 1 hit(s), 0 error(s), 0 left on base; Irvine 3 - Springfield 0
TOP OF THE 6TH
Irvine Gang Green batting - Pitching for Springfield Stars : LHP Jorge Aybar
Batting: LHB Víctor Quiñones 0-0: Ball
1-0: Ball
2-0: Foul Ball, location: 2F
2-1: Foul Ball, location: 2F
2-2: Strikes out looking
Batting: RHB Ronnie Brown 0-0: Ground out 5-3 (Groundball, 5)
Batting: RHB Tom Doherty 0-0: Ball
1-0: Ball
2-0: Called Strike
2-1: Ball
3-1: SINGLE (Groundball, 34D)
Batting: RHB José Salazar 0-0: Ball
1-0: Called Strike
1-1: Ball
2-1: Swinging Strike
2-2: Foul Ball, location: 2F
2-2: Foul Ball, location: 2F
2-2: Strikes out swinging
Top of the 6th over - 0 run(s), 1 hit(s), 0 error(s), 1 left on base; Irvine 3 - Springfield 0
BOTTOM OF THE 6TH
Springfield Stars batting - Pitching for Irvine Gang Green : LHP Masutaro Koyama
Batting: RHB Norberto Taváres 0-0: Ball
1-0: Called Strike
1-1: Ball
2-1: Foul Ball, location: 2F
2-2: Ball
3-2: Ground out 6-3 (Groundball, 6)
Batting: LHB Felipe Guerrero 0-0: SINGLE (Groundball, 56D)
Batting: SHB Shane Hutchinson 0-0: Ball
1-0: Foul Ball, location: 2F
1-1: Foul Ball, location: 2F
1-2: Foul Ball, location: 2F
1-2: Strikes out swinging
Batting: LHB Elliott Newell 0-0: Called Strike
0-1: Called Strike
0-2: Ball
1-2: Ball
2-2: Foul Ball, location: 2F
2-2: Ball
3-2: SINGLE (Line Drive, 4MD)
Felipe Guerrero to second
Felipe Guerrero to third
Batting: LHB Ryan Drake 0-0: Ball
1-0: Ball
2-0: SINGLE (Groundball, 4D)
Felipe Guerrero scores
Elliott Newell to second
Runner from 2nd tries for 3rd, OUT!
Bottom of the 6th over - 1 run(s), 3 hit(s), 0 error(s), 1 left on base; Irvine 3 - Springfield 1
TOP OF THE 7TH
Irvine Gang Green batting - Pitching for Springfield Stars : LHP Jorge Aybar
Pitching: RHP José Valdéz
Batting: RHB Buck Jones 0-0: Ball
1-0: Called Strike
1-1: Foul Ball, location: 2F
1-2: Ground out 6-3 (Groundball, 6)
Batting: RHB Eichiro Yamamoto 0-0: Called Strike
0-1: Fly out, F3 (Popup, 34)
Batting: LHB Jorge Martínez 0-0: Called Strike
0-1: Called Strike
0-2: Strikes out swinging
Top of the 7th over - 0 run(s), 0 hit(s), 0 error(s), 0 left on base; Irvine 3 - Springfield 1
BOTTOM OF THE 7TH
Springfield Stars batting - Pitching for Irvine Gang Green : LHP Masutaro Koyama
Now at 2B: Aaron Wilson
Batting: LHB Jesús Tobías 0-0: Ball
1-0: Ground out 3-1 (Groundball, 34S)
Batting: RHB Juan Rodríguez 0-0: Ball
1-0: Fly out, F4 (Line Drive, 4D)
Batting: RHB Félix Gonzáles 0-0: Ball
1-0: Ball
2-0: Called Strike
2-1: SOLO HOME RUN (Flyball, 7D), Distance : 395 ft
Batting: RHB Calvin Bennett 0-0: Called Strike
0-1: Ball
1-1: Ground out U3 (Groundball, 34S)
Bottom of the 7th over - 1 run(s), 1 hit(s), 0 error(s), 0 left on base; Irvine 3 - Springfield 2
TOP OF THE 8TH
Irvine Gang Green batting - Pitching for Springfield Stars : RHP José Valdéz
Pitching: LHP Enrique Muñóz
Batting: LHB Jesús Campos 0-0: Called Strike
0-1: Foul Ball, location: 2F
0-2: Strikes out swinging
Batting: RHB Tyler Wagner 0-0: Foul Ball, location: 2F
0-1: Ball
1-1: Foul Ball, location: 2F
1-2: Ball
2-2: Foul Ball, location: 2F
2-2: Foul Ball, location: 2F
2-2: Foul Ball, location: 2F
2-2: Strikes out swinging
Pitching: RHP Jorge Delgado
Batting: LHB Víctor Quiñones 0-0: SINGLE (Line Drive, 9S)
Pinch Hitting: LHB Leonardo Medina 0-0: Foul Ball, location: 2F
0-1: Ball
1-1: Ball
2-1: Fly out, F7 (Flyball, 7LSF)
Top of the 8th over - 0 run(s), 1 hit(s), 0 error(s), 1 left on base; Irvine 3 - Springfield 2
BOTTOM OF THE 8TH
Springfield Stars batting - Pitching for Irvine Gang Green : LHP Masutaro Koyama
Now at SS: Bill Murphy
Batting: RHB Norberto Taváres 0-0: Called Strike
0-1: Foul Ball, location: 2F
0-2: Ball
1-2: Strikes out swinging
Batting: LHB Felipe Guerrero 0-0: Ball
1-0: DOUBLE (Line Drive, 7LS)
Batting: SHB Shane Hutchinson 0-0: Ball
1-0: Foul Ball, location: 2F
1-1: Foul Ball, location: 2F
1-2: Strikes out looking
Pinch Hitting: RHB Juan Carlos Rodríguez 0-0: Called Strike
0-1: Ball
1-1: Ball
2-1: SINGLE (Flyball, 8LS)
Felipe Guerrero to third
Runner from 3rd tries for Home, SAFE, no throw
Pitching: RHP Kuang-yin Yue
Batting: LHB Ryan Drake 0-0: Ball
1-0: Foul Ball, location: 2F
1-1: Ground out 4-3 (Groundball, 4MD)
Bottom of the 8th over - 1 run(s), 2 hit(s), 0 error(s), 1 left on base; Irvine 3 - Springfield 3
TOP OF THE 9TH
Irvine Gang Green batting - Pitching for Springfield Stars : RHP Jorge Delgado
Pitching: RHP Luis Cortéz
Now at 1B: David García
Pinch Hitting: LHB Tom Baker 0-0: Foul Ball, location: 2F
0-1: Called Strike
0-2: Ball
1-2: Foul Ball, location: 2F
1-2: Foul Ball, location: 2F
1-2: Ball
2-2: SINGLE (Groundball, 34D)
Batting: RHB José Salazar 0-0: Called Strike
0-1: Called Strike
0-2: Foul Ball, location: 2F
0-2: Ball
1-2: Ball
2-2: Foul Ball, location: 2F
2-2: Ball
3-2: Foul Ball, location: 2F
3-2: Foul Ball, location: 2F
3-2: Fly out, F8 (Flyball, 8LD)
Batting: RHB Buck Jones 0-0: Ball
1-0: Foul Ball, location: 2F
1-1: Called Strike
1-2: Ball
2-2: Foul Ball, location: 2F
2-2: Foul Ball, location: 2F
2-2: Foul Ball, location: 2F
2-2: Ball
3-2: Ground out 5-3 (Groundball, 56S)
Tom Baker to second
Batting: RHB Eichiro Yamamoto 0-0: Foul Ball, location: 2F
0-1: Ball
1-1: Ball
2-1: Foul Ball, location: 2F
2-2: Ball
3-2: Base on Balls
Pinch Hitting: LHB José Sánchez 0-0: Ground out U3 (Groundball, 3L)
Top of the 9th over - 0 run(s), 1 hit(s), 0 error(s), 2 left on base; Irvine 3 - Springfield 3
BOTTOM OF THE 9TH
Springfield Stars batting - Pitching for Irvine Gang Green : RHP Kuang-yin Yue
Now at C: Raúl Salas
Now at 2B: José Sánchez
Batting: LHB Jesús Tobías 0-0: Ground out 3-1 (Groundball, 34)
Batting: RHB Juan Rodríguez 0-0: Ball
1-0: Ball
2-0: Called Strike
2-1: Foul Ball, location: 2F
2-2: SINGLE (Line Drive, 5)
Batting: RHB Félix Gonzáles 0-0: Called Strike
0-1: Ball
1-1: Called Strike
1-2: Foul Ball, location: 2F
1-2: Strikes out swinging
Batting: RHB Calvin Bennett 0-0: Called Strike
0-1: Ball
1-1: Ball
2-1: Fly out, F9 (Flyball, 89S)
Bottom of the 9th over - 0 run(s), 1 hit(s), 0 error(s), 1 left on base; Irvine 3 - Springfield 3
TOP OF THE 10TH
Irvine Gang Green batting - Pitching for Springfield Stars : RHP Luis Cortéz
Batting: LHB Jesús Campos 0-0: Ball
1-0: Called Strike
1-1: Fly out, F8 (Flyball, 8RD)
Batting: RHB Tyler Wagner 0-0: Swinging Strike
0-1: Foul Ball, location: 2F
0-2: Foul Ball, location: 2F
0-2: Ground out 5-3 (Groundball, 56)
Batting: LHB Víctor Quiñones 0-0: Ball
1-0: Ball
2-0: Ball
3-0: Called Strike
3-1: Swinging Strike
3-2: Base on Balls
Pinch Runner at 1st Tony Tavárez:
Batting: LHB Bill Murphy 0-0: Called Strike
Tony Tavárez steals 2nd base
0-1: SINGLE (Groundball, 4MD)
Tony Tavárez to third
Runner from 3rd tries for Home, SAFE, no throw
Batting: RHB Raúl Salas 0-0: Fielders Choice at 2nd, 5-4 (Groundball, 56)
Top of the 10th over - 1 run(s), 1 hit(s), 0 error(s), 0 left on base; Irvine 4 - Springfield 3
BOTTOM OF THE 10TH
Springfield Stars batting - Pitching for Irvine Gang Green : RHP Kuang-yin Yue
Pitching: RHP Raúl Saltines
Now in CF: Tony Tavárez
Batting: RHB Norberto Taváres 0-0: Ball
1-0: Ground out 1-3 (Groundball, 13S)
Batting: LHB Felipe Guerrero 0-0: Ball
1-0: Ball
2-0: SINGLE (Popup, 3D)
Batting: SHB Shane Hutchinson 0-0: Called Strike
0-1: Called Strike
0-2: Ball
1-2: Ball
2-2: Strikes out swinging
Batting: SHB David García 0-0: Foul Ball, location: 2F
0-1: Ball
1-1: Ball
2-1: Foul Ball, location: 2F
2-2: Strikes out looking
Bottom of the 10th over - 0 run(s), 1 hit(s), 0 error(s), 1 left on base; Irvine 4 - Springfield 3
Thursday, March 30th, 2017 - OOTP Baseball 17.12 Build 75